 Dungeon Crawl Stone Soup version 0.31.0-32-g396128a36d (webtiles) character file.

Game seed: 14437108419230977371

9772 MonkeyDNika the Cleaver (level 11, -4/89 HPs)
             Began as a Minotaur Fighter on Feb 16, 2024.
             Was a Believer of Okawaru.
             Slain by a catoblepas (12 damage)
             ... while petrified by a catoblepas
             ... on level 1 of the Lair of Beasts on Apr 4, 2024.
             The game lasted 00:47:31 (16848 turns).

MonkeyDNika the Cleaver (Minotaur Fighter)         Turns: 16848, Time: 00:47:32

Health: -4/89      AC: 15    Str: 25    XL:     11   Next: 27%
Magic:  12/12      EV:  2    Int:  5    God:    Okawaru [**....]
Gold:   649        SH:  0    Dex: 10    Spells: 10/10 levels left

rFire   . . .        a - +1 war axe
rCold   . . .        c - +0 buckler
rNeg    + + +        b - +0 scale mail
rPois   ∞            (helmet restricted)
rElec   .            o - +0 cloak {rPois}
rCorr   .            (no gloves)
SInv    .            g - +2 pair of boots
Will    +....        H - amulet of regeneration Stlth
                     r - ring of willpower
HPRegen 1.14/turn    z - ring of flight
MPRegen 0.13/turn

%: no passive effects
@: petrified, flying
A: horns 2, retaliatory headbutt, iridescent scales 1, frail 1
a: Renounce Religion, Heroism


You were on level 1 of the Lair of Beasts.
You worshipped Okawaru.
Okawaru was pleased with you.
You visited 3 branches of the dungeon, and saw 11 of its levels.

You collected 649 gold pieces.

Inventory:

Hand Weapons
 a - a +1 war axe (weapon)
Missiles
 e - 3 curare-tipped darts
 s - 26 poisoned darts
 t - 4 atropa-tipped darts
 w - 5 boomerangs
Armour
 b - a +0 scale mail (worn)
 c - a +0 buckler (worn)
 g - a +2 pair of boots (worn)
 h - a +0 pair of boots
 o - a +0 cloak of poison resistance (worn)
 F - a scarf of invisibility
Jewellery
 r - a ring of willpower (left hand)
 z - a ring of flight (right hand)
 H - an amulet of regeneration (around neck)
Wands
 i - a wand of paralysis (5)
 p - a wand of polymorph (12)
 x - a wand of iceblast (2)
 A - a wand of mindburst (35) (quivered)
Scrolls
 f - a scroll of identify
 j - 3 scrolls of enchant weapon
 k - 3 scrolls of fog
 n - a scroll of brand weapon
 q - a scroll of silence
 u - a scroll of poison
 y - a scroll of acquirement
 B - a scroll of enchant armour
 D - 3 scrolls of teleportation
 E - a scroll of immolation
 G - a scroll of blinking
Potions
 d - 2 potions of might
 l - a potion of haste
 m - a potion of curing
 v - a potion of degeneration
 C - a potion of resistance


   Skills:
 + Level 10.0 Fighting
 * Level 13.2 Axes
 + Level 10.0 Armour
 + Level 10.0 Shields
 * Level 3.9 Invocations


You had 10 spell levels left.
You didn't know any spells.
Your spell library contained the following spells:

 Spells                   Type           Power      Damage    Failure   Level
 Apportation              Tloc           0%         N/A       77%         1
 Necrotise                Necr           0%         1d4       77%         1
 Sandblast                Erth           0%         2d4       77%         1
 Sting                    Conj/Alch      0%         1d3       77%         1
 Jinxbite                 Hex            0%         N/A       88%         2
 Passwall                 Erth           0%         N/A       98%         3
 Stone Arrow              Conj/Erth      0%         3d7       98%         3
 Brom's Barrelling Bould  Conj/Erth      0%         2d3       100%        4
 Ignite Poison            Fire/Alch      0%         N/A       100%        4
 Sticky Flame             Fire/Alch      0%         2d4       100%        4
 Alistair's Intoxication  Alch           0%         N/A       100%        5
 Ignition                 Fire           0%         3d3       100%        8
 Summon Small Mammal      Summ           Unusable   N/A       N/A         1
 Call Canine Familiar     Summ           Unusable   N/A       N/A         3
 Summon Blazeheart Golem  Fire/Summ      Unusable   N/A       N/A         4

Dungeon Overview and Level Annotations

Branches:
Dungeon (9/15)             Temple (1/1) D:7            Lair (1/5) D:9
    Orc: D:9-12

Altars:
Ashenzari
Cheibriados
Dithmenos
Elyvilon
Fedhas
Gozag
Hepliaklqana
Kikubaaqudgha
Makhleb
Nemelex Xobeh
Okawaru
Qazlal
Sif Muna
Trog
Uskayaw
Vehumet
Wu Jian
Xom
Yredelemnul
Zin
The Shining One

Shops:
D:3 ([   D:6 ?   D:8 =   D:9 :=*[

Annotations:
D:5 2 transporters, Consumeair16's ghost, novice GrMo
D:6 2 transporters, RancidPinata's ghost, weakling OpDe
Lair:1 3 runed translucent doors, MiniGinger's ghost, journeyman OpBr; PaiMei's ghost, journeyman DsNe; fasolt's ghost, journeyman FeSu


Innate Abilities, Weirdness & Mutations

You have a pair of horns on your head.
You reflexively headbutt those who attack you in melee.
You are partially covered in iridescent scales. (AC +2)
You are frail. (-10% HP)


Message History

The water moccasin bites you but does no damage.
You turn to flesh and can move again.
You barely miss the catoblepas.
The catoblepas is severely wounded.
You hit the water moccasin.
You are engulfed in calcifying dust.
You are slowing down.
The catoblepas breathes a plume of calcifying dust at you.
The blast of calcifying dust hits you but does no damage.
The water moccasin bites you.
* * * LOW HITPOINT WARNING * * *
You slash the catoblepas! You headbutt the catoblepas.
The catoblepas is almost dead.
You slash the water moccasin!
You kill the water moccasin!
Okawaru accepts your kill.
You are engulfed in calcifying dust.
The catoblepas breathes a plume of calcifying dust at you.
The blast of calcifying dust hits you.
* * * LOW HITPOINT WARNING * * *
Your limbs are stiffening.
You barely miss the catoblepas.
The catoblepas is almost dead.
You are engulfed in calcifying dust.
Your limbs have turned to stone.
The catoblepas gores you.
The catoblepas breathes a plume of calcifying dust at you.
The blast of calcifying dust hits you.
* * * LOW HITPOINT WARNING * * *
You have turned to stone.
You are engulfed in calcifying dust.
The catoblepas breathes a plume of calcifying dust at you.
The blast of calcifying dust hits you but does no damage.
You are engulfed in calcifying dust.
The catoblepas gores you!!
* * * LOW HITPOINT WARNING * * *
You are engulfed in calcifying dust.
The catoblepas breathes a plume of calcifying dust at you.
The blast of calcifying dust hits you but does no damage.
The catoblepas gores you.
* * * LOW HITPOINT WARNING * * *
The catoblepas gores you!!
You die...

....#
#..............##
...##
####............###
..##
#................#
..#
................##
..............###
..............#
.............##
.......††...##
......†[Y@###
......††###
........# ........P
.....#### ....#
..P# ###


You could see a catoblepas.

Vanquished Creatures
  Erica (D:8)
  Pikel (D:6)
  Maurice (D:7)
  A black mamba (Lair:1)
  Psyche (D:9)
  A troll (D:9)
  13 yaks
  A shadow (D:9)
  Eustachio (D:6)
  A wyvern (D:7)
  Grum (D:8)
  Edmund (D:5)
  3 water moccasins
  3 ice beasts
  2 orc warriors
  2 black bears
  3 sky beasts
  4 wolves (D:8)
  3 ogres
  3 centaurs
  3 kobold brigands
  A phantom (D:6)
  Blork the orc (D:6)
  5 bullfrogs
  4 scorpions (D:6)
  11 wights
  4 howler monkeys
  2 bombardier beetles
  A hound (D:4)
  2 jellies (D:6)
  6 orc priests
  A gnoll bouda (D:4)
  A sleepcap (D:7)
  Jessica (D:3)
  6 iguanas
  Natasha (thrice) (D:3)
  7 orc wizards
  Robin (D:4)
  16 gnolls
  5 river rats (D:6)
  6 adders
  A shadow imp (D:6)
  3 white imps
  4 ufetubi (D:6)
  2 dart slugs
  2 ribbon worms
  31 orcs
  5 ball pythons
  5 bats
  7 endoplasms
  A giant cockroach (D:1)
  5 hobgoblins
  11 jackals
  15 kobolds
  7 quokkas
  6 frilled lizards
  20 goblins
  24 rats
283 creatures vanquished.

Vanquished Creatures (others)
  A yak (Lair:1)
1 creature vanquished.

Grand Total: 284 creatures vanquished

Notes
Turn   | Place    | Note
-------+----------+-------------------------------------------
     0 | D:1      | MonkeyDNika the Minotaur Fighter began the quest for the
                  | Orb.
     0 | D:1      | Reached XP level 1. HP: 19/19 MP: 0/0
   314 | D:1      | Reached XP level 2. HP: 23/27 MP: 1/1
   567 | D:1      | Reached skill level 3 in Axes
  1325 | D:1      | Reached XP level 3. HP: 33/33 MP: 2/2
  2530 | D:3      | Reached XP level 4. HP: 32/40 MP: 3/3
  2575 | D:3      | Noticed Jessica
  2584 | D:3      | Killed Jessica
  2585 | D:3      | Reached skill level 4 in Axes
  2939 | D:3      | Found Destroox's Antique Weapon Boutique.
  2976 | D:3      | Noticed Natasha
  2978 | D:3      | Killed Natasha
  2979 | D:3      | Noticed Natasha
  2987 | D:3      | Killed Natasha
  2988 | D:3      | Reached XP level 5. HP: 41/47 MP: 4/4
  3025 | D:3      | Found Kimnuy's Antique Armour Shop.
  3442 | D:3      | Noticed Natasha
  3451 | D:3      | Killed Natasha
  4209 | D:4      | Noticed Robin
  4538 | D:4      | Reached skill level 5 in Axes
  4540 | D:4      | Killed Robin
  4724 | D:4      | Reached XP level 6. HP: 29/55 MP: 5/5
  5149 | D:4      | Reached skill level 5 in Armour
  5517 | D:4      | Reached skill level 5 in Shields
  5520 | D:4      | Reached skill level 5 in Fighting
  5917 | D:4      | Reached skill level 6 in Axes
  5921 | D:4      | Reached XP level 7. HP: 34/61 MP: 6/6
  6593 | D:5      | Entered Level 5 of the Dungeon
  7235 | D:5      | Reached skill level 7 in Axes
  7502 | D:5      | Found a transporter.
  7504 | D:5      | Noticed Consumeair16's ghost (novice GrMo)
  7625 | D:5      | Found a transporter.
  7913 | D:6      | Noticed RancidPinata's ghost (weakling OpDe)
  7914 | D:6      | Found a transporter.
  7915 | D:6      | Identified the +3 great mace "Xenesh" {venom, +Blink rElec
                  | Str-2 Dex+10}
  7920 | D:6      | Found a transporter.
  7939 | D:6      | Noticed Eustachio
  7945 | D:6      | Reached XP level 8. HP: 34/70 MP: 7/7
  8073 | D:6      | Killed Eustachio
  8074 | D:6      | Reached skill level 8 in Axes
  8148 | D:6      | Noticed Edmund
  8169 | D:5      | Killed Edmund
  8635 | D:5      | Identified a scroll of acquirement
  8703 | D:6      | Upgraded the game from 0.31.0-12-g77e489cdc1 to
                  | 0.31.0-32-g396128a36d
  8784 | D:6      | Found Faywider's Magic Scroll Boutique.
  9042 | D:6      | Noticed Blork the orc
  9044 | D:6      | Killed Blork the orc
  9092 | D:6      | Reached skill level 9 in Axes
  9372 | D:6      | Noticed Pikel
  9388 | D:6      | Killed Pikel
  9389 | D:6      | Reached XP level 9. HP: 49/79 MP: 8/8
  9915 | D:6      | Reached skill level 10 in Axes
 11765 | D:7      | Noticed Maurice
 11812 | D:7      | Killed Maurice
 11910 | D:7      | Reached skill level 11 in Axes
 12191 | D:7      | Found a radiant altar of Vehumet.
 12198 | D:7      | Found an opulent altar of Gozag.
 12201 | D:7      | Found a bloodstained altar of Trog.
 12203 | D:7      | Found a shimmering blue altar of Sif Muna.
 12203 | D:7      | Found a shadowy altar of Dithmenos.
 12204 | D:7      | Found a blossoming altar of Fedhas.
 12211 | D:7      | Found a glowing silver altar of Zin.
 12315 | D:7      | Reached XP level 10. HP: 83/90 MP: 9/9
 12708 | D:7      | Found a staircase to the Ecumenical Temple.
 13392 | Temple   | Entered the Ecumenical Temple
 13485 | Temple   | Became a worshipper of Warmaster Okawaru
 13819 | D:8      | Reached * piety under Okawaru
 13822 | D:8      | Reached skill level 12 in Axes
 13861 | D:8      | Noticed Grum
 13876 | D:8      | Killed Grum
 14414 | D:8      | Reached skill level 1 in Invocations
 14492 | D:8      | Gained mutation: You are frail. (-10% HP) [potion of
                  | mutation]
 14492 | D:8      | Gained mutation: You are vulnerable to heat. (rF-) [potion
                  | of mutation]
 14492 | D:8      | Gained mutation: You are partially covered in iridescent
                  | scales. (AC +2) [potion of mutation]
 14493 | D:8      | Lost mutation: You are vulnerable to heat. (rF-) [potion of
                  | mutation]
 14493 | D:8      | Lost mutation: You are partially covered in iridescent
                  | scales. (AC +2) [potion of mutation]
 14493 | D:8      | Gained mutation: You are partially covered in iridescent
                  | scales. (AC +2) [potion of mutation]
 14654 | D:8      | Noticed Erica
 15199 | D:8      | Found Maibeweq's Jewellery Emporium.
 15267 | D:8      | Killed Erica
 15750 | D:9      | Found Vemem's Book Emporium.
 16037 | D:9      | Found Dutheril's Jewellery Emporium.
 16063 | D:9      | Found Balay's General Store.
 16075 | D:9      | Reached ** piety under Okawaru
 16081 | D:9      | Noticed Psyche
 16094 | D:9      | Killed Psyche
 16095 | D:9      | Reached XP level 11. HP: 72/89 MP: 8/12
 16181 | D:9      | Found a staircase to the Lair.
 16198 | D:9      | Found Caolirio's Antique Armour Emporium.
 16480 | Lair:1   | Entered Level 1 of the Lair of Beasts
 16691 | Lair:1   | Reached skill level 13 in Axes
 16737 | Lair:1   | Found a runed translucent gate.
 16738 | Lair:1   | Found a runed translucent gate.
 16740 | Lair:1   | Found a runed translucent gate.
 16741 | Lair:1   | Noticed PaiMei's ghost (journeyman DsNe)
 16741 | Lair:1   | Noticed fasolt's ghost (journeyman FeSu)
 16741 | Lair:1   | Noticed MiniGinger's ghost (journeyman OpBr)
 16801 | Lair:1   | Noticed a catoblepas
 16805 | Lair:1   | Reached skill level 10 in Armour
 16819 | Lair:1   | Reached skill level 10 in Shields
 16820 | Lair:1   | Reached skill level 10 in Fighting
 16848 | Lair:1   | Slain by a catoblepas

Illustrated notes

Levels and vault maps discovered:
D:1:      nzn_arrival_settlement, layout_basic, serial_curves, eino_curves_01,
          eino_curves_02
D:2:      layout_loops_corners
D:3:      layout_basic, shapermc_ecumenical_altar_petra, serial_shops,
          nicolae_shop_temple_entry_statues_fountains, shop, uniq_natasha,
          uniq_jessica
D:4:      layout_loops_ring, uniq_robin
D:5:      layout_cave_pools, gammafunk_ghost_mausoleum
D:6:      lemuel_ratsnest, layout_cave_pools, gammafunk_ghost_smash,
          serial_library_hellmonk_double_dead_end, nicolae_zen_rock_garden,
          nicolae_stop_n_shop_1, minmay_puff, uniq_eustachio,
          uniq_blork_the_orc, uniq_pikel, uniq_edmund
D:7:      layout_rooms, nicolae_overflow_hallway_of_the_gods,
          minmay_temple_entry_hall, kennysheep_generic_room_2, uniq_maurice
D:8:      layout_cave_pools, serial_shops, kennysheep_mini_moat, uniq_grum,
          uniq_erica
D:9:      layout_basic, lair_entry_dummy, serial_shops, shop,
          nicolae_shop_statue_plus, shop, shop, uniq_psyche
Temple:   nicolae_temple_superstar
Lair:1:   layout_hall_layers, gammafunk_ghost_cemetery

Skill      XL: |  1  2  3  4  5  6  7  8  9 10 11 |
---------------+----------------------------------+-----
Axes           | 3 4 5 6 7 9 11 12 13 | 13.2
Armour         | 4 5 6 7 8 9 10 | 10.0
Shields        | 4 5 6 7 8 9 10 | 10.0
Fighting       | 4 5 6 7 8 9 10 | 10.0
Invocations    | 2 3 |  3.9

Action                     |  1- 3 |  4- 6 |  7- 9 | 10-12 || total
---------------------------+-------+-------+-------+-------++-------
  Melee: War axe           |    90 |   122 |   216 |   221 ||   649
         Headbutt          |    12 |    20 |    42 |    45 ||   119
         Unarmed           |       |       |       |     9 ||     9
  Throw: Dart              |       |       |     4 |       ||     4
 Invoke: Heroism           |       |       |       |     6 ||     6
  Evoke: Wand              |       |       |    26 |     4 ||    30
    Use: Scroll            |       |       |    13 |     7 ||    20
         Potion            |       |       |     2 |     5 ||     7
   Stab: Petrified         |       |       |       |     3 ||     3
 Armour: Scale mail        |    64 |    99 |   207 |   241 ||   611
         Skin              |       |       |       |    10 ||    10
  Dodge: Dodged            |    38 |    75 |    93 |    82 ||   288
  Block: Buckler           |    16 |    29 |    55 |    65 ||   165
